 Dungeon Crawl Stone Soup version 0.22.0-75-g3901e79 (webtiles) character file.

173 marrkus the Vandal (level 5, -3/51 HPs)
             Began as a Halfling Hunter on Sept 11, 2018.
             Slain by an orc
             ... wielding a +0 whip
              (4 damage)
             ... on level 2 of the Dungeon.
             The game lasted 00:14:56 (1840 turns).

marrkus the Vandal (Halfling Hunter)                Turns: 1840, Time: 00:14:57

Health: -3/51      AC:  4    Str: 19    XL:     5   Next: 83%
Magic:  5/5        EV: 14    Int:  9    God:
Gold:   87         SH:  0    Dex: 15    Spells: 4/4 levels left

rFire    . . .     SeeInvis .   b - +0 short sword
rCold    . . .     Gourm    .   (shield restricted)
rNeg     . . .     Faith    .   c - +0 leather armour
rPois    .         Spirit   .   (no helmet)
rElec    .         Reflect  .   k - +0 cloak
rCorr    .         Harm     .   (no gloves)
MR       +....                  (no boots)
Stlth    ..........             (no amulet)
HPRegen  0.17/turn              e - ring of protection from magic
MPRegen  0.09/turn              (no ring)

@: berserking, very quick
A: small, mutation resistance 1
a: no special abilities


You were on level 2 of the Dungeon.
You were not hungry.

You visited 1 branch of the dungeon, and saw 3 of its levels.

You collected 87 gold pieces.

Inventory:

Hand Weapons
 a - a +1 hunting sling
 b - a +0 short sword (weapon)
 m - a +0 hunting sling
 r - a +0 whip of pain
 t - a +1 dagger of speed
 u - a +0 hunting sling
Missiles
 d - 12 sling bullets
 g - 81 stones (quivered)
 o - 8 curare-tipped needles
Armour
 c - a +0 leather armour (worn)
 k - a +0 cloak (worn)
Jewellery
 e - a ring of protection from magic (left hand)
Wands
 s - a wand of digging (17)
 w - a wand of random effects (25)
Scrolls
 h - 2 scrolls of identify {unknown}
 j - 4 scrolls of teleportation {unknown}
 l - 3 scrolls of enchant armour {unknown}
 n - 2 scrolls of remove curse {unknown}
 y - a scroll of random uselessness {unknown}
Potions
 i - a potion of curing {unknown}
 p - a potion of berserk rage
 q - 2 potions of might {unknown}
 v - 2 potions of heal wounds {unknown}
Comestibles
 f - 4 rations
 x - a chunk of flesh


   Skills:
 - Level 2.1 Fighting
 + Level 7.8 Slings
 - Level 2.1 Dodging
 + Level 4.3 Stealth


You had 4 spell levels left.
You didn't know any spells.
Your spell library was empty.

Dungeon Overview and Level Annotations

Branches:
Dungeon (3/15)

Altars:
Ashenzari
Gozag
Hepliaklqana
Makhleb
Xom
Zin

Annotations:
D:1 exclusion: downstairs


Innate Abilities, Weirdness & Mutations

You are small and have problems with some larger weapons.
You are somewhat resistant to further mutation.


Message History

The orc priest is heavily wounded.
The orc barely misses you.
The orc priest invokes the aid of Beogh against you.
Beogh smites you!
* * * LOW HITPOINT WARNING * * *
It was a potion of berserk rage.
A red film seems to cover your vision as you go berserk!
You feel yourself moving faster!
You feel mighty! The orc hits you with a whip.
* * * LOW HITPOINT WARNING * * *
The orc priest mumbles some strange prayers to Beogh against you.
You resist with some effort.
You are too berserk!
Wield which item (- for none, * to show all)? (? for menu, Esc to quit)
b - a +0 short sword (weapon)
You feel a strong urge to attack something.
You puncture the orc priest!
You kill the orc priest!
The orc closely misses you.
You barely miss the orc. The orc hits you with a whip.
You die...

.###.......##...........#
.##.........#.#.........#
..........[........######
...###......†......# .###
#)†....###...## ##
######.# #...#
#######.##### #...#
#.......#...###o..#
..#######._..#..@)# .##
#....#.#### ## #....'.#
#....### #._..# #...##
#####


You could see an orc.

Vanquished Creatures
  An orc priest (D:2)
  3 gnolls (D:2)
  5 adders
  3 worms (D:2)
  A dart slug (D:2)
  3 leopard geckos
  2 orcs
  A ball python (D:2)
  8 goblins
  8 jackals
  6 kobolds
  A quokka (D:2)
  5 bats
  4 frilled lizards
  8 rats
59 creatures vanquished.

Notes
Turn   | Place    | Note
-------+----------+-------------------------------------------
     0 | D:1      | marrkus the Halfling Hunter began the quest for the Orb.
     0 | D:1      | Reached XP level 1. HP: 14/14 MP: 1/1
   232 | D:1      | Reached skill level 6 in Slings
   232 | D:1      | Reached XP level 2. HP: 19/19 MP: 2/2
   554 | D:1      | Reached XP level 3. HP: 24/24 MP: 3/3
   876 | D:2      | Found a shattered altar of Ashenzari.
   968 | D:2      | Found an opulent altar of Gozag.
   969 | D:2      | Found a glowing silver altar of Zin.
  1109 | D:1      | Reached XP level 4. HP: 25/29 MP: 4/4
  1159 | D:2      | Found a burning altar of Makhleb.
  1159 | D:2      | Noticed a cacodemon
  1260 | D:2      | Reached skill level 7 in Slings
  1509 | D:2      | Found a hazy altar of Hepliaklqana.
  1575 | D:2      | Reached XP level 5. HP: 33/34 MP: 5/5
  1577 | D:2      | Found a shimmering altar of Xom.
  1837 | D:2      | HP: 1/51 [orc/whip (3)]
  1840 | D:2      | Slain by an orc

Skill      XL: |  1  2  3  4  5 |
---------------+----------------+-----
Fighting       | 2 |  2.1
Slings         | 6 7 |  7.8
Stealth        | 2 3 4 |  4.3
Dodging        | |  2.1

Action                   |  1- 3 |  4- 6 || total
-------------------------+-------+-------++-------
Melee: Short sword       |    13 |     2 ||    15
       Hunting sling     |       |     4 ||     4
 Fire: Hunting sling     |    82 |    78 ||   160
  Use: Potion            |       |     1 ||     1
 Stab: Distracted        |     1 |       ||     1
  Eat: Chunk             |       |     3 ||     3
Armor: Leather armour    |     7 |    15 ||    22
Dodge: Dodged            |    36 |    34 ||    70
